 Dungeon Crawl Stone Soup version 0.31-a0-981-geadf994542 (webtiles) character file.

Game seed: 2370147145335647934

1609 sammy202020 the Cudgeller (level 8, -4/52 HPs)
             Began as a Gargoyle Berserker on Oct 31, 2023.
             Was a Priest of Trog.
             Splashed by a jelly's acid (10 damage)
             ... on level 5 of the Dungeon.
             The game lasted 00:05:50 (3933 turns).

sammy202020 the Cudgeller (Gargoyle Berserker)      Turns: 3933, Time: 00:05:51

Health: -4/52      AC: 16    Str: 22    XL:     8   Next: 95%
Magic:  8/8        EV:  9    Int:  9    God:    Trog [***...]
Gold:   310        SH:  9    Dex:  9    Spells: 7/7 levels left

rFire   + . .        r - +2 flail (protect)
rCold   . . .        e - +1 kite shield
rNeg    + + +        a - +2 scale mail {rN+}
rPois   ∞            (no helmet)
rElec   +            (no cloak)
rCorr   .            (no gloves)
SInv    .            d - +1 pair of boots
Will    .....        (no amulet) Stlth
                     j - ring of flight
HPRegen 0.28/turn    b - ring of positive energy
MPRegen 0.11/turn

%: no passive effects
@: corroded, under a protective aura, flying, studying Maces & Flails
A: sickness immunity, AC +5, negative energy resistance 1, electricity
resistance, torment resistance 1, petrification resistance, fire resistance 1
a: Renounce Religion, Berserk, Trog's Hand


You were on level 5 of the Dungeon.
You worshipped Trog.
Trog was most pleased with you.
You visited 1 branch of the dungeon, and saw 5 of its levels.

You collected 310 gold pieces.

Inventory:

Hand Weapons
 r - a +2 flail of protection (weapon)
Missiles
 p - 3 javelins
 q - 4 atropa-tipped darts (quivered)
Armour
 a - a +2 scale mail of positive energy (worn)
 d - a +1 pair of boots (worn)
 e - a +1 kite shield (worn)
Jewellery
 b - a ring of positive energy (right hand)
 j - a ring of flight (left hand)
Wands
 g - a wand of paralysis (10)
 i - a wand of iceblast (16)
 n - a wand of flame (24)
Potions
 c - a potion of enlightenment
 f - a potion of heal wounds
 h - a potion of mutation
 k - a potion of brilliance {unknown}
 l - a potion of cancellation {unknown}
 m - a potion of haste {unknown}
 o - a potion of ambrosia {unknown}


   Skills:
 * Level 6.5 Fighting
 * Level 7.7 Maces & Flails
 * Level 6.0 Armour
 + Level 3.5 Dodging
 * Level 5.2 Shields


You had 7 spell levels left.
You didn't know any spells.
Your spell library was empty.

Dungeon Overview and Level Annotations

Branches:
Dungeon (5/15)             Temple (0/1) D:4

Altars:
Dithmenos
Qazlal
Zin


Innate Abilities, Weirdness & Mutations

You are immune to sickness and miasma.
Your stone body is resilient. (AC +5)
You are immune to poison.
You resist negative energy. (rN+)
You are resistant to electric shocks. (rElec)
You are resistant to unholy torment.
You are immune to petrification.
Your flesh is heat resistant. (rF+)


Message History

A jelly comes into view.
The orc hits you but does no damage. You block the orc's attack.
The jelly quivers.
You sock the orc!
You kill the orc!
Trog accepts your kill. The orc barely misses you.
You completely miss the orc. You block the orc's attack.
You hit the orc.
The orc is heavily wounded.
The orc hits you but does no damage.
You hit the orc.
You kill the orc!
Trog accepts your kill.
You hit the jelly.
Your hands burn!
The jelly is moderately wounded.
The jelly barely misses you.
You hit the jelly.
Your hands burn!
The jelly is moderately wounded.
The jelly barely misses you.
You sock the jelly! The acid corrodes you!
Your hands burn!
The jelly is almost dead.
The jelly hits you but does no damage.
You hit the jelly.
Your hands burn!
The jelly is almost dead.
The jelly barely misses you. x2
You hit the jelly but do no damage. The acid corrodes you!
Your hands burn!
The jelly is almost dead.
The jelly hits you.
You are splashed with acid.
You hit the jelly but do no damage.
Your hands burn!
The jelly is almost dead.
The jelly hits you.
You are splashed with acid!
* * * LOW HITPOINT WARNING * * *
You hit the jelly but do no damage.
Your hands burn!
* * * LOW HITPOINT WARNING * * *
The jelly is almost dead.
The jelly hits you.
* * * LOW HITPOINT WARNING * * *
You are splashed with acid!
You die...

.# $.# ... #.$ #.#### ## .#
..##.##.. # #. .# ..#.#.. #. .# .
'#.#' . #. .# ###...###...###...#
#. .# #.........8........ #. .#
#.#.. #...# ..# #. .# #.#..
+#J#'s# ..# #. .# #.#.# #@#
..##.# #. .## #.#.# ##.## ..#.#
######. #.# ##.#.# ##...## :#.#
#......
.#####....####.....####.###.#####
.......##......)............#
##############.#.###.######## ###
######...# #.# ..#######...##.###
#.# ..........≈≈≈#.# #.#


You could see a jelly.

Vanquished Creatures
  Pikel (D:5)
  Duvessa (D:5)
  Edmund (D:5)
  A water moccasin (D:5)
  An ogre (D:4)
  A lemure (D:5)
  A phantom (D:5)
  A kobold brigand (D:4)
  2 scorpions (D:5)
  Dowan (D:5)
  2 hounds
  A jelly (D:4)
  Ijyb (D:5)
  4 iguanas (D:5)
  An orc wizard (D:5)
  4 gnolls (D:5)
  10 adders
  6 dart slugs
  8 orcs
  A bat (D:1)
  6 endoplasms
  6 giant cockroaches
  7 goblins
  6 hobgoblins
  8 jackals
  3 quokkas (D:1)
  3 ball pythons
  4 frilled lizards
  8 kobolds
  5 rats
105 creatures vanquished.

Notes
Turn   | Place    | Note
-------+----------+-------------------------------------------
     0 | D:1      | sammy202020 the Gargoyle Berserker began the quest for the
                  | Orb.
     0 | D:1      | Reached XP level 1. HP: 14/14 MP: 1/1
   106 | D:1      | Reached XP level 2. HP: 10/19 MP: 2/2
   693 | D:1      | Reached XP level 3. HP: 23/24 MP: 3/3
   905 | D:1      | Reached ** piety under Trog
  1050 | D:2      | Reached skill level 1 in Shields
  1404 | D:2      | Reached XP level 4. HP: 29/29 MP: 4/4
  1437 | D:2      | Identified a scroll of acquirement
  1437 | D:2      | Acquired a manual of Maces & Flails
  1477 | D:3      | Found a faded altar of an unknown god.
  1548 | D:3      | Identified the +1 spear of Carif {flame, rF+}
  1570 | D:3      | Found a shadowy altar of Dithmenos.
  2266 | D:3      | Gained mutation: Your flesh is heat resistant. (rF+)
                  | [potion of mutation]
  2393 | D:4      | Noticed a kobold brigand
  2413 | D:4      | Killed a kobold brigand
  2414 | D:4      | Reached skill level 4 in Maces & Flails
  2414 | D:4      | Reached XP level 5. HP: 24/33 MP: 5/5
  2567 | D:4      | Found a staircase to the Ecumenical Temple.
  2568 | D:4      | Noticed an ogre
  2588 | D:4      | Killed an ogre
  2589 | D:4      | Reached XP level 6. HP: 39/39 MP: 6/6
  2853 | D:4      | Found a glowing silver altar of Zin.
  2935 | D:5      | Entered Level 5 of the Dungeon
  2939 | D:5      | Reached *** piety under Trog
  2974 | D:5      | Reached skill level 5 in Maces & Flails
  3022 | D:5      | Reached XP level 7. HP: 44/44 MP: 7/7
  3090 | D:5      | Noticed Edmund
  3098 | D:5      | Killed Edmund
  3099 | D:5      | Reached skill level 5 in Fighting
  3276 | D:5      | Noticed Pikel
  3295 | D:5      | Killed Pikel
  3296 | D:5      | Reached skill level 6 in Maces & Flails
  3296 | D:5      | Reached skill level 5 in Armour
  3296 | D:5      | Reached XP level 8. HP: 20/51 MP: 8/8
  3658 | D:5      | Found a stormy altar of Qazlal.
  3674 | D:5      | Noticed Duvessa
  3690 | D:5      | Killed Duvessa
  3691 | D:5      | Reached skill level 7 in Maces & Flails
  3692 | D:5      | Noticed Dowan
  3704 | D:5      | Killed Dowan
  3796 | D:5      | Noticed Ijyb
  3809 | D:5      | Killed Ijyb
  3892 | D:5      | Reached skill level 5 in Shields
  3933 | D:5      | Splashed by a jelly's acid

Illustrated notes

Levels and vault maps discovered:
D:1:      lemuel_arrival_tunnels, layout_basic
D:2:      layout_rooms, chequers_serial_rivers_room_b,
          kennysheep_decorative_pillar
D:3:      layout_basic, nicolae_dithmenos_shadow_blocks,
          dreamdust_ecumenical_altar_grove, serial_corexii_hall,
          corexii_hall_statues_x, chequers_hall_statues_corner_a,
          chequers_hall_statues_corner_a
D:4:      layout_rooms, mainiacjoe_overflow_tiny_flanked,
          minmay_temple_entry_glass
D:5:      cheibrodos_barr_body, layout_loops_ring, overflow_temple_1_default,
          chequers_serial_rivers_micro_d, lexackson_kobold_supper, uniq_duvessa,
          uniq_pikel, uniq_ijyb, uniq_edmund

Skill      XL: |  1  2  3  4  5  6  7  8 |
---------------+-------------------------+-----
Shields        | 1 2 3 4 5 |  5.2
Armour         | 3 4 5 6 |  6.0
Dodging        | 2 3 |  3.5
Fighting       | 4 5 6 |  6.5
Maces & Flails | 4 5 6 7 |  7.7

Action                     |  1- 3 |  4- 6 |  7- 9 || total
---------------------------+-------+-------+-------++-------
  Melee: Mace              |   122 |   126 |     9 ||   257
         Punch             |     1 |       |       ||     1
         Flail             |       |       |   129 ||   129
 Invoke: Berserk           |     2 |     1 |     3 ||     6
         Trog's Hand       |       |       |     1 ||     1
    Use: Scroll            |     3 |     7 |       ||    10
         Potion            |       |     2 |       ||     2
 Armour: Animal skin       |    54 |       |       ||    54
         Leather armour    |    29 |       |       ||    29
         Ring mail         |     5 |    72 |    54 ||   131
         Scale mail        |       |       |    42 ||    42
  Dodge: Dodged            |    95 |    74 |    62 ||   231
  Block: Kite shield       |    35 |    47 |    75 ||   157

Table legend: (Time is in decaauts)
 A = Elapsed time spent in this place.
 B = Non-inter-level travel time spent in this place.
 C = Inter-level travel time spent in this place.
 D = Time resting spent in this place.
 E = Time spent auto-exploring this place.
 F = Levels seen in this place.
 G = Mean time per level.
                   A        B        C        D        E       F      G
               +--------+--------+--------+--------+--------+-----+--------+
         Total |   4081 |   4009 |     72 |    490 |   2457 |   5 |  816.2 |
       Dungeon |   4081 |   4009 |     72 |    490 |   2457 |   5 |  816.2 |
               +--------+--------+--------+--------+--------+-----+--------+

Top non-repeatable levels by time:
     D:5: 1050 daAuts
     D:1: 1015 daAuts
     D:3: 855 daAuts
     D:4: 645 daAuts
     D:2: 514 daAuts
